 Dungeon Crawl Stone Soup version 0.29.1-2-gbd0b4ee654 (webtiles) character file.

Game seed: 2636409369111633888

90 LustLizard the Insei (level 4, -3/36 HPs)
             Began as a Demigod Transmuter on Dec 1, 2022.
             Killed from afar by an orc wizard (4 damage)
             ... with a magic dart
             ... on level 3 of the Dungeon.
             The game lasted 00:04:14 (2050 turns).

LustLizard the Insei (Demigod Transmuter)           Turns: 2050, Time: 00:04:16

Health: -3/36      AC:  5    Str: 11    XL:     4   Next: 11%
Magic:  9/10       EV: 11    Int: 19    God:
Gold:   148        SH:  0    Dex: 14    Spells: 0/7 levels left

rFire   . . .      SeeInvis .   g - +0 short sword
rCold   . . .      Faith    .   (no shield)
rNeg    . . .      Spirit   .   e - +0 leather armour
rPois   .          Reflect  .   (no helmet)
rElec   .          Harm     .   (no cloak)
rCorr   .          Rampage  .   u - +1 pair of gloves
Will    .....                   (no boots)
Stlth   +.........              (no amulet)
HPRegen 0.12/turn               d - +4 ring of slaying
MPRegen 0.12/turn               (no ring)

@: confused, mighty, lethally poisoned (-3 -> -17), wereblooded (expiring),
flying
A: high MP 1, forlorn, divine attributes
a: no special abilities


You were on level 3 of the Dungeon.
You visited 1 branch of the dungeon, and saw 3 of its levels.

You collected 148 gold pieces.

Inventory:

Hand Weapons
 g - a +0 short sword (weapon)
Armour
 a - a +0 robe
 e - a +0 leather armour (worn)
 u - a +1 pair of gloves (worn)
Jewellery
 d - a +4 ring of slaying (left hand)
Scrolls
 f - 2 scrolls of teleportation {unknown}
 h - a scroll of immolation {unknown}
 i - a scroll of identify {unknown}
 k - a scroll of enchant armour {unknown}
 m - 2 scrolls of vulnerability
 p - 2 scrolls of silence {unknown}
 q - a scroll of fear {unknown}
 r - a scroll of amnesia {unknown}
 s - a scroll of poison {unknown}
 t - a scroll of torment {unknown}
Potions
 b - a potion of lignification
 c - a potion of cancellation {unknown}
 l - a potion of magic {unknown}
 n - a potion of flight


   Skills:
 + Level 1.6 Fighting
 - Level 1.7 Dodging
 * Level 3.4 Unarmed Combat
 + Level 2.2 Spellcasting
 * Level 2.8 Transmutations
 * Level 0.0 Ice Magic


You couldn't memorise any spells.
You knew the following spells:

 Your Spells              Type           Power      Damage    Failure   Level
a - Beastly Appendage     Tmut           24%        N/A       7%          1
b - Wereblood             Tmut           12%        N/A       11%         2
c - Ice Form              Ice/Tmut       7%         N/A       77%         4

Your spell library contained the following spells:

 Spells                   Type           Power      Damage    Failure   Level
 Spider Form              Tmut/Pois      7%         N/A       36%         3


Dungeon Overview and Level Annotations

Branches:
Dungeon (3/15)


Innate Abilities, Weirdness & Mutations

You have an increased reservoir of magic. (+10% MP)
You shall have no god before yourself.
Your divine heritage dramatically boosts your attributes as you level up.


Message History

Something hits you.
You feel better.
You hear some strange, mumbled words.
A puff of flame appears from out of thin air!
The puff of flame hits you.
You miss something. Your kick misses something. Your headbutt misses something.
You hear some strange, mumbled words.
A magic dart appears from out of thin air!
The magic dart hits you.
You closely miss something. Your kick misses something.
Something hits you but does no damage.
You are poisoned.
You miss something.
Your horns disappear.
Your talons disappear.
Your primal bloodlust is almost over.
You feel sick.
You hear some strange, mumbled words.
You are confused.
Something hits you.
You are lethally poisoned!
You feel very sick.
You completely miss something.
* * * LOW HITPOINT WARNING * * *
You feel very sick. Something hits you.
* * * LOW HITPOINT WARNING * * *
It was a potion of flight.
You feel very buoyant.
You fly up into the air.
* * * LOW HITPOINT WARNING * * *
You feel sick. Something hits you but does no damage.
You are more poisoned.
It was a potion of might.
You feel very mighty all of a sudden.
* * * LOW HITPOINT WARNING * * *
You feel very sick.
You hear some strange, mumbled words.
A magic dart appears from out of thin air!
The magic dart hits you.
You die...

o.o#.......# ...........#
...........# .......<...#
...#...)..[###### #
####..oo.....#.# ### ##
####o####.#.# #.. .# #{#.†....#
#.#.##.###### #@#.##.#########
##.#.#.......###......#.......#
..#......##..........#..###..#
#.#
#..#.##..####.####..###..###
##.###..#..........#
#..#......#
.#......####).######
#..#.#..#<# .#.###.#####..#
#.......#.. ...# #........##
#......#### ...#########...#
#.##..##


You could see 3 orcs.

Vanquished Creatures
  2 adders
  A worm (D:3)
  4 dart slugs
  An orc (D:3)
  7 ball pythons
  4 bats
  2 endoplasms
  3 giant cockroaches
  2 goblins (D:2)
  8 hobgoblins
  3 jackals (D:2)
  4 quokkas
  6 frilled lizards
  4 kobolds (D:1)
  7 rats
58 creatures vanquished.

Vanquished Creatures (others)
  4 plants (D:1)
4 creatures vanquished.

Grand Total: 62 creatures vanquished

Notes
Turn   | Place    | Note
-------+----------+-------------------------------------------
     0 | D:1      | LustLizard the Demigod Transmuter began the quest for the
                  | Orb.
     0 | D:1      | Reached XP level 1. HP: 15/15 MP: 5/5
    60 | D:1      | Reached skill level 1 in Fighting
   295 | D:1      | Reached XP level 2. HP: 23/23 MP: 5/7
   309 | D:1      | Reached skill level 3 in Unarmed Combat
   506 | D:1      | Learned a level 2 spell: Wereblood
   691 | D:1      | Reached XP level 3. HP: 28/28 MP: 4/8
  1599 | D:3      | Noticed a black bear
  1750 | D:3      | Reached XP level 4. HP: 34/35 MP: 7/10
  1778 | D:2      | Learned a level 4 spell: Ice Form
  2050 | D:3      | HP: 1/36 [poisoned by an orc wizard]
  2050 | D:3      | Killed from afar by an orc wizard

Illustrated notes

Levels and vault maps discovered:
D:1:      roderic_crop_circles_arrival_small, layout_rooms
D:2:      layout_basic, ebering_ecumenical_altar_sacrificial, basic_altar
D:3:      layout_loops_cross, general_overflow_altar

Skill      XL: |  1  2 |
---------------+-------+-----
Fighting       | 1 |  1.6
Transmutations | 2 |  2.8
Spellcasting   | 2 |  2.2
Unarmed Combat | 3 |  3.4
Dodging        | |  1.7

Action                   |  1- 3 |  4- 6 || total
-------------------------+-------+-------++-------
Melee: Unarmed           |    22 |       ||    22
       Kick              |    16 |     6 ||    22
       Headbutt          |     8 |     3 ||    11
       Short sword       |    65 |    21 ||    86
       Punch             |     2 |       ||     2
 Cast: Beastly Appendage |    23 |     4 ||    27
       Wereblood         |    13 |     1 ||    14
  Use: Scroll            |     1 |       ||     1
       Potion            |       |     4 ||     4
Armor: Leather armour    |    22 |     6 ||    28
Dodge: Dodged            |    63 |     3 ||    66
